Map: 트라이튼 - 래더

Players

Hurricane - Winner!

  • Race: Protoss Protoss
  • Spawn Location: 5:00

Lambo

  • Race: Zerg Zerg
  • Spawn Location: 11:00

Event: IEM Katowice 2020

VOD

Have the link to the VOD?

Description

Time

  • Played on: Feb. 28, 2020, 2:49 p.m.
  • Length: 10:17

All games in this series

Show
View Real Time Build Order
Export as new Build Order

Hurricane Protoss - Winner!

Build Orders: 1 Gate Expand, Archon Immortal 

Get SALT Encoding   

  12  0:00  Probe  
  13  0:12  Probe  
  14  0:18  Pylon  
  14  0:25  Probe (Chrono Boost)  
  15  0:37  Probe (Chrono Boost), Gateway  
  16  0:45  Probe (Chrono Boost)  
  16  0:47  Assimilator  
  17  0:51  Probe  
  18  1:03  Probe  
  19  1:15  Probe  
  20  1:25  Nexus  
  20  1:35  Cybernetics Core  
  20  1:37  Probe  
  21  1:45  Assimilator  
  21  1:49  Probe  
  22  1:55  Pylon  
  22  2:02  Probe  
  23  2:10  Adept (Chrono Boost)  
  23  2:14  Probe  
  26  2:18  Robotics Facility  
  26  2:23  Warp Gate  
  26  2:26  Probe (Chrono Boost)  
  27  2:30  Adept (Chrono Boost)  
  29  2:37  Probe (Chrono Boost)  
  31  2:44  Probe (Chrono Boost)  
  31  2:46  Probe (Chrono Boost)  
  31  2:51  Probe x2 (Chrono Boost)  
  33  2:53  Stalker  
  36  3:02  Probe  
  36  3:03  Probe  
  36  3:05  Warp Prism (Chrono Boost)  
  40  3:14  Probe  
  40  3:15  Probe  
  42  3:22  Twilight Council  
  42  3:25  Pylon  
  42  3:28  Probe x2  
  44  3:38  Observer  
  44  3:40  Probe  
  46  3:42  Gateway  
  46  3:44  Pylon  
  46  3:45  Probe  
  47  3:52  Probe  
  47  3:54  Assimilator  
  47  3:55  Resonating Glaives (Chrono Boost)  
  48  4:00  Gateway  
  48  4:04  Gateway  
  48  4:10  Probe x2  
  48  4:16  Gateway  
  50  4:19  Stalker  
  53  4:24  Probe x2  
  53  4:25  Immortal (Chrono Boost)  
  58  4:33  Assimilator  
  58  4:34  Pylon  
  58  4:40  Probe x2  
  60  4:50  Dark Shrine  
  60  4:59  Adept  
  62  5:00  Adept x2  
  62  5:01  Adept  
  68  5:09  Probe x2  
  68  5:12  Pylon  
  70  5:23  Nexus  
  70  5:30  Immortal  
  74  5:36  Pylon  
  74  5:37  Sentry x2  
  74  5:39  Charge, Pylon  
  78  5:47  Forge  
  78  5:49  Pylon  
  80  6:00  Gateway  
  74  6:04  Gateway, Dark Templar  
  74  6:05  Gateway, Dark Templar  
  76  6:13  Dark Templar, Sentry x2  
  78  6:21  Immortal (Chrono Boost)  
  80  6:35  Probe  
  80  6:37  Protoss Ground Weapons Level 1 (Chrono Boost)  
  79  6:47  Immortal (Chrono Boost), Zealot x5  
  93  7:04  Sentry x2, Zealot  
  93  7:06  Shield Battery  
  93  7:07  Zealot, Shield Battery  
  101  7:21  Archon, Zealot x4  
  109  7:25  Shield Battery  
  109  7:27  Shield Battery  
  109  7:31  Zealot x2  
  113  7:38  Dark Templar x2  
  97  7:57  Archon, Zealot x2  
  97  7:58  Zealot x4  
  101  8:03  Immortal (Chrono Boost)  
  91  8:15  Dark Templar  
  91  8:16  Dark Templar  
  91  8:18  Dark Templar  
  91  8:19  Dark Templar  
  99  8:20  Archon  
  99  8:23  Archon, Zealot  
  101  8:29  Probe x3  
  104  8:34  Sentry x2, Zealot  
  110  8:46  Zealot  
  116  8:59  Pylon  
  116  9:00  Pylon x2  
  116  9:08  Dark Templar  
  116  9:09  Dark Templar  
  116  9:11  Photon Cannon  
  116  9:15  Archon, Pylon  
  116  9:19  Dark Templar x2, Zealot x3  
  116  9:20  Zealot  
  128  9:25  Archon  
  128  9:37  Dark Templar  
  126  9:41  Zealot x5  
  126  9:42  Zealot  
  123  9:53  Stalker  
  124  10:02  Zealot, Stalker x2  
  124  10:03  Zealot x2  
Show
View Real Time Build Order
Export as new Build Order

Lambo Zerg 

Build Orders: Hatch First 

Get SALT Encoding   

  12  0:00  Drone  
  13  0:12  Overlord  
  13  0:16  Drone  
  14  0:30  Drone x2  
  16  0:47  Hatchery  
  15  0:51  Drone  
  15  0:54  Drone  
  17  0:57  Drone  
  18  1:08  Extractor  
  17  1:13  Spawning Pool  
  17  1:16  Drone  
  18  1:18  Drone  
  18  1:28  Drone  
  19  1:38  Drone  
  20  1:50  Overlord  
  20  2:02  Queen x2  
  20  2:03  Zergling x4  
  26  2:11  Drone x2  
  28  2:23  Drone x2  
  30  2:32  Hatchery, Drone x2  
  31  2:38  Pneumatized Carapace  
  31  2:42  Drone  
  32  2:45  Drone  
  33  2:54  Overlord  
  33  2:55  Queen  
  35  3:00  Drone  
  36  3:09  Overlord  
  36  3:13  Drone x4  
  36  3:15  Metabolic Boost  
  36  3:17  Overlord  
  40  3:21  Drone  
  41  3:31  Queen, Drone x2  
  45  3:36  Roach Warren  
  44  3:41  Drone x2  
  44  3:45  Zergling x4  
  44  3:46  Zergling x2  
  50  3:48  Drone x2  
  51  4:04  Extractor x2, Drone x7  
  51  4:07  Overlord  
  56  4:12  Drone  
  57  4:17  Drone x2  
  57  4:19  Lair  
  59  4:25  Overlord  
  59  4:28  Drone x2  
  59  4:31  Roach x4  
  69  4:35  Overlord  
  69  4:37  Overlord  
  69  4:42  Overlord  
  69  4:43  Extractor  
  69  4:44  Overlord  
  68  4:48  Spore Crawler, Drone  
  68  4:50  Drone  
  68  4:51  Drone  
  70  4:53  Roach  
  70  4:59  Roach x3  
  78  5:02  Roach  
  78  5:06  Roach x2  
  84  5:10  Roach x2  
  84  5:12  Overlord  
  88  5:17  Overseer  
  88  5:19  Roach x2  
  92  5:23  Glial Reconstitution  
  92  5:30  Roach x3  
  92  5:35  Overlord  
  96  5:41  Drone  
  97  5:44  Roach x4  
  104  5:59  Drone x2  
  104  6:02  Roach x5  
  113  6:06  Overlord  
  113  6:09  Overlord  
  113  6:11  Drone, Overlord  
  110  6:12  Evolution Chamber  
  109  6:20  Roach x3  
  109  6:22  Overlord  
  114  6:27  Overlord  
  114  6:29  Overlord  
  114  6:31  Roach  
  114  6:32  Roach x3  
  122  6:33  Ravager x2  
  123  6:40  Roach x2  
  123  6:46  Ravager  
  128  6:55  Overseer  
  128  6:57  Roach x5  
  138  7:03  Zergling x2, Roach x2  
  138  7:07  Roach  
  145  7:10  Zergling x2  
  145  7:11  Zergling x4  
  145  7:15  Zergling x6  
  151  7:17  Ravager x2  
  151  7:19  Zergling x2  
  151  7:22  Zergling x4  
  156  7:24  Zergling x2  
  156  7:26  Zergling x2  
  159  7:32  Zergling x6  
  159  7:35  Overlord  
  162  7:38  Ravager  
  162  7:42  Overlord  
  162  7:44  Overlord  
  162  7:45  Overlord  
  162  7:48  Zergling x6  
  144  7:52  Roach  
  144  7:53  Roach  
  144  7:56  Roach  
  130  7:59  Roach  
  130  8:01  Roach  
  130  8:04  Roach  
  121  8:06  Roach  
  121  8:08  Roach  
  116  8:13  Drone x2  
  116  8:14  Zerg Missile Weapons Level 1  
  116  8:16  Drone  
  119  8:24  Drone  
  120  8:28  Drone x2  
  120  8:34  Baneling Nest  
  121  8:36  Drone x2  
  123  8:42  Drone x7  
  130  8:52  Roach x3  
  132  8:58  Extractor  
  132  9:00  Roach x5  
  141  9:12  Roach x2  
  141  9:14  Extractor  
  141  9:15  Roach x4  
  141  9:16  Hatchery  
  147  9:20  Drone  
  148  9:25  Ravager x3  
  148  9:27  Roach  
  148  9:28  Roach x5  
  148  9:29  Roach  
  148  9:31  Ravager  
  167  9:33  Roach x2  
  163  9:40  Zergling x6  
  163  9:41  Zergling x8  
  163  9:45  Roach  
  142  9:48  Roach x2  
  142  9:51  Roach  
  136  9:54  Roach  
  136  9:57  Roach  

Tags
 
Add a new tag
Caveats
  • Supply blocks, unpowered buildings, or Contaminate may cause inaccurate times.
  • Supply counts are checked every 10 seconds.